 Dungeon Crawl Stone Soup version 0.25.0-9-g26727b657a (webtiles) character file.

Game seed: 4145720645574359119

108140 diana the Bludgeoner (level 16, 0/109 HPs)
             Began as a Demonspawn Gladiator on June 20, 2020.
             Was the Champion of Okawaru.
             Drowned by a drowned soul (16 damage)
             ... summoned by a merfolk avatar
             ... on level 6 of the Lair of Beasts on June 21, 2020.
             The game lasted 00:58:37 (29972 turns).

diana the Bludgeoner (Demonspawn Gladiator)        Turns: 29972, Time: 00:58:38

Health: 0/109      AC: 30    Str: 21    XL:     16   Next: 1%
Magic:  0/7        EV: 21    Int:  7    God:    Okawaru [******]
Gold:   1771       SH: 16    Dex: 19    Spells: 14/15 levels left

rFire    + + .     SeeInvis .   D - +9 morningstar "Mioghay" {antimagic, +Rage rElec rPois Int-3}
rCold    . . .     Gourm    .   X - +2 kite shield {reflect}
rNeg     + + .     Faith    .   R - +1 pearl dragon scales
rPois    +         Spirit   +   (helmet unavailable)
rElec    +         Reflect  +   W - +1 cloak of the Cuttlefish {rN+}
rCorr    +         Harm     .   U - +1 pair of gloves of Incorporation {rF++ rCorr Str-2 Dex+2}
MR       +....                  (no boots)
Stlth    +.........             q - amulet of guardian spirit
HPRegen  0.00/turn              e - +4 ring of protection
MPRegen  0.10/turn              I - +6 ring of strength

@: heroism, mesmerised, very slow
A: horns 3, molten scales 2, frail 1, foul stench 1, sense surroundings 1,
electricity resistance, inhibited regeneration, spiny 2, weak 1, rot immunity
a: Heroism, Finesse, Renounce Religion, Evoke Berserk Rage


You were on level 6 of the Lair of Beasts.
You worshipped Okawaru.
Okawaru was exalted by your worship.
You were hungry.

You visited 4 branches of the dungeon, and saw 24 of its levels.
You also visited: Sewer, Gauntlet and Ice Cave.

You collected 2069 gold pieces.
You spent 298 gold pieces at shops.

Inventory:

Hand Weapons
 D - the +9 morningstar "Mioghay" (weapon) {antimagic, +Rage rElec rPois Int-3}
   (You found it on level 7 of the Dungeon)

   It reduces the magical energy of the wielder, and disrupts the spells and
   magical abilities of those hit.
   Natural abilities and divine invocations are not affected.
   It affects your intelligence (-3).
   It insulates you from electricity.
   It protects you from poison.
   It lets you go berserk.
Missiles
 d - 7 throwing nets
 C - 19 silver boomerangs (quivered)
 N - 31 silver javelins
Armour
 R - +1 pearl dragon scales (worn)
 U - the +1 pair of gloves of Incorporation (worn) {rF++ rCorr Str-2 Dex+2}
   (You found it in a Gauntlet)

   It affects your strength (-2).
   It affects your dexterity (+2).
   It greatly protects you from fire.
   It provides partial protection from all sources of acid and corrosion.
 W - the +1 cloak of the Cuttlefish (worn) {rN+}
   (You found it in a Gauntlet)

   It protects you from negative energy.
 X - a +2 kite shield of reflection (worn)
Jewellery
 e - a +4 ring of protection (left hand)
 o - an uncursed ring of stealth {unknown}
 q - an amulet of guardian spirit (around neck)
 I - a +6 ring of strength (right hand)
Wands
 l - a wand of iceblast (27)
 p - a wand of disintegration (41)
 w - a wand of polymorph (14)
 y - a wand of random effects (97)
 F - a wand of flame (80)
 J - a wand of enslavement (14)
Scrolls
 a - 2 scrolls of amnesia
 g - 5 scrolls of teleportation
 h - 6 scrolls of enchant armour
 i - 2 scrolls of immolation
 j - 2 scrolls of vulnerability {unknown}
 k - 16 scrolls of remove curse
 m - 2 scrolls of torment
 r - 2 scrolls of fear
 s - 2 scrolls of fog
 u - 2 scrolls of blinking
 B - 6 scrolls of identify
 E - a scroll of summoning
 L - 6 scrolls of enchant weapon
 O - 2 scrolls of magic mapping {unknown}
 P - a scroll of silence {unknown}
Potions
 b - 3 potions of flight
 c - 2 potions of invisibility
 n - 2 potions of might {unknown}
 x - 6 potions of curing
 A - 4 potions of haste
 H - 2 potions of brilliance
 K - 2 potions of magic
 Q - 5 potions of stabbing
 S - 2 potions of ambrosia
Comestibles
 f - 47 rations
 t - 2 chunks of flesh


   Skills:
 - Level 10.0(15.0) Fighting
 - Level 17.1(22.1) Maces & Flails
 + Level 5.5(10.5) Throwing
 - Level 10.0(15.0) Armour
 - Level 10.0(15.0) Dodging
 - Level 10.0(15.0) Shields
 - Level 7.0 Invocations


You had 14 spell levels left.
You knew the following spells:

 Your Spells              Type           Power        Failure   Level  Hunger
a - Summon Butterflies    Summ           #.......     73%         1    ##.....

Your spell library contained the following spells:

 Spells                   Type           Power        Failure   Level  Hunger
 Corona                   Hex            #......      73%         1    ##.....
 Infusion                 Chrm           #...         73%         1    ##.....
 Magic Dart               Conj           #...         73%         1    ##.....
 Pain                     Necr           #...         73%         1    ##.....
 Shock                    Conj/Air       #...         73%         1    ##.....
 Blink                    Tloc           N/A          86%         2    ###....
 Call Imp                 Summ           #.......     86%         2    ###....
 Corpse Rot               Necr/Air       N/A          86%         2    ###....
 Ensorcelled Hibernation  Hex/Ice        #.....       86%         2    ###....
 Shroud of Golubria       Chrm/Tloc      #.....       86%         2    ###....
 Slow                     Hex            #.......     86%         2    ###....
 Swiftness                Chrm/Air       #.......     86%         2    ###....
 Call Canine Familiar     Summ           #.......     97%         3    ####...
 Confusing Touch          Hex            #.......     97%         3    ####...
 Conjure Flame            Conj/Fire      #.......     97%         3    ####...
 Dazzling Flash           Conj/Hex       #.....       97%         3    ####...
 Inner Flame              Hex/Fire       #.......     97%         3    ####...
 Mephitic Cloud           Conj/Pois/Air  #.......     97%         3    ####...
 Ozocubu's Armour         Chrm/Ice       #.......     97%         3    ####...
 Portal Projectile        Hex/Tloc       #.....       97%         3    ####...
 Spectral Weapon          Hex/Chrm       #.......     97%         3    ####...
 Static Discharge         Conj/Air       #.......     97%         3    ####...
 Tukima's Dance           Hex            #.......     97%         3    ####...
 Vampiric Draining        Necr           #.........   97%         3    ####...
 Airstrike                Air            #.........   100%        4    #####..
 Cause Fear               Hex            #.........   100%        4    #####..
 Leda's Liquefaction      Hex/Erth       #.........   100%        4    #####..
 Summon Ice Beast         Ice/Summ       #.......     100%        4    #####..
 Borgnjor's Vile Clutch   Necr/Erth      #.........   100%        5    ######.
 Excruciating Wounds      Chrm/Necr      #.........   100%        5    ######.
 Lightning Bolt           Conj/Air       #.........   100%        5    ######.
 Summon Mana Viper        Hex/Summ       #.......     100%        5    ######.
 Summon Hydra             Summ           #.........   100%        7    #######


Dungeon Overview and Level Annotations

Branches:
Dungeon (15/15)            Temple (1/1) D:6            Lair (6/6) D:10
 Shoals (0/4) Lair:3        Snake (0/4) Lair:3        Slime (0/5) Lair:5
    Orc (2/2) D:10            Elf (0/3) Orc:2        Vaults (0/5) D:14
 Depths (0/5) D:15          Sewer (visited)           IceCv (visited)
Gauntlet (visited)

Altars:
Ashenzari
Cheibriados
Dithmenos
Elyvilon
Fedhas
Gozag
Hepliaklqana
Kikubaaqudgha
Makhleb
Nemelex Xobeh
Okawaru
Qazlal
Ru
Sif Muna
Trog
Uskayaw
Vehumet
Wu Jian
Xom
Yredelemnul
Zin
The Shining One
Beogh
Jiyva

Shops:
D:8 *   D:12 (   Orc:1 }   Orc:2 !!?=*

Annotations:
D:9 2 transporters
D:15 Kirke


Innate Abilities, Weirdness & Mutations

You have a pair of large horns on your head.
You are mostly covered in molten scales. (AC +3)
You may emit foul miasma when damaged in melee.
You are mostly covered in sharp spines.
You are immune to rotting.
You are frail. (-10% HP)
You passively map a small area around you.
You are resistant to electric shocks. (rElec)
You do not regenerate when monsters are visible.
You are weak. (Str -2)


Message History

The merfolk avatar chants its luring song.
Unknown command.
Unknown command.
Your unstable footing causes you to fumble your attack.
Your unstable footing causes you to fumble your attack.
The merfolk avatar chants its luring song.
You thump the merfolk avatar!
The merfolk avatar's magic leaks into the air.
You headbutt the merfolk avatar.
The merfolk avatar is heavily wounded.
The merfolk avatar falters for a moment.
You closely miss the merfolk avatar.
The merfolk avatar is heavily wounded.
Your unstable footing causes you to fumble your attack.
The drowned soul touches you. The drowned soul drowns you!
* * * LOW HITPOINT WARNING * * *
The merfolk avatar falters for a moment.
The drowned soul is struck by your spines.
The drowned soul touches you. The drowned soul drowns you!
You die...

......≈≈≈P##≈.##†≈###≈##≈≈≈P≈
.....≈.# #≈≈≈≈†≈≈≈≈≈≈≈#≈≈##.
* ......#.≈≈#≈≈P≈≈88≈≈≈≈≈# #
≈ * .....≈≈≈≈≈#8≈≈≈≈≈≈≈≈≈≈8#
, .#....≈≈≈≈#####≈≈≈≈#####
P#P...#.≈≈#8≈≈≈≈≈≈≈≈≈≈8# ≈
.###..# ≈#≈≈≈≈≈≈≈≈≈≈≈≈#
###..≈≈≈ #≈≈≈≈≈≈≈≈P≈≈≈# ,
.#...≈≈≈≈≈.≈#≈≈$@)[P≈P≈#≈
......)#≈#.≈≈≈≈[m≈[≈≈P≈#
......m.≈P.≈≈#≈!≈≈$≈≈≈≈#
#P..≈≈≈ ≈≈.≈#P≈($??≈P≈≈#
....# ≈≈≈#≈≈≈≈≈≈≈≈≈≈≈≈#
...#..# ≈ #≈≈P≈≈≈≈≈≈≈≈≈#≈ , ,
..P.# #.P≈≈≈≈≈≈≈≈≈.# ≈ .....≈
≈########.##### , ......≈≈≈ ≈


You could see a merfolk avatar (mesmerising).

Vanquished Creatures
  Rupert (Lair:5)
  A reaper (Gauntlet)
  A very ugly thing (D:14)
  A minotaur (Gauntlet)
  Josephine (Orc:1)
  5 hydras
  An ogre mage (D:15)
  A shambling mangrove (Lair:4)
  3 vault guards (D:14)
  5 centaur warriors
  2 death knights (D:15)
  7 two-headed ogres
  3 tengu warriors
  A queen ant (Gauntlet)
  Urug (Lair:1)
  4 unseen horrors
  Pikel (D:4)
  A lindwurm (Lair:5)
  A wizard (D:15)
  8 orc knights
  3 deep elf magi
  3 orc sorcerers
  A wolf spider zombie (D:15)
  7 ugly things
  A wolf spider (D:15)
  A manticore (Lair:6)
  5 black mambas
  5 cyclopes
  13 elephants
  2 ice statues (IceCv)
  4 centaur zombies
  2 rust devils (D:8)
  2 gargoyles
  8 spiny frogs
  Maggie (D:8)
  6 rime drakes
  2 kobold demonologists (D:15)
  A hellwing (Gauntlet)
  3 freezing wraiths
  8 komodo dragons
  A yaktaur (D:15)
  4 tengu conjurers
  3 efreet (D:15)
  3 meliai (Lair:5)
  6 trolls
  A wind drake (Lair:6)
  5 polar bears (Lair:6)
  A queen bee (Lair:5)
  4 hornets
  A wandering mushroom (Lair:4)
  13 blink frogs
  7 slime creatures
  A raiju (Gauntlet)
  14 hippogriffs
  A snapping turtle (Lair:3)
  7 wraiths
  3 shadows
  6 basilisks
  2 steam dragons
  6 wyverns
  39 yaks
  7 humans (D:14)
  4 hogs (D:15)
  3 hungry ghosts
  8 wargs
  4 vampire mosquitoes (D:15)
  6 soldier ants
  15 water moccasins
  5 porcupines
  A sky beast (D:10)
  2 eyes of draining
  15 ice beasts
  4 black bears
  46 orc warriors
  A slave (D:4)
  3 phantoms
  4 necrophages
  19 ogres
  2 boggarts (D:15)
  15 centaurs
  29 wolves
  15 crocodiles
  23 bullfrogs
  8 big kobolds
  A wyvern zombie (D:8)
  6 gnoll sergeants
  A wyvern skeleton (D:12)
  A hornet simulacrum (D:15)
  5 scorpions
  43 killer bees
  18 wights
  12 electric eels
  3 howler monkeys
  A lava snake (Lair:2)
  11 crimson imps
  3 bullfrog zombies
  6 hounds
  2 jellies (D:11)
  7 centaur skeletons
  9 orc priests
  17 orc wizards
  3 bullfrog skeletons
  13 iguanas
  3 hell rats (Lair:5)
  3 worker ants
  A killer bee zombie (D:9)
  2 hound zombies
  A hound skeleton (D:8)
  A worker ant zombie (D:9)
  22 gnolls
  17 adders
  9 river rats (Lair:5)
  3 shadow imps
  7 oozes (Sewer)
  2 worms (D:2)
  8 dart slugs
  21 leopard geckos
  98 orcs
  2 bat zombies (D:9)
  17 giant cockroaches
  5 goblins
  9 hobgoblins
  5 jackals
  15 kobolds
  8 quokkas
  8 ball pythons
  8 bats
  24 frilled lizards
  2 leopard gecko skeletons
  A leopard gecko zombie (D:8)
  2 quokka skeletons (D:6)
  4 rats
  2 rat zombies (D:9)
  A plant (D:10)
967 creatures vanquished.

Vanquished Creatures (others)
  A vault guard (D:14)
  A troll (D:13)
  A human (D:14)
  A boggart (D:15)
  13 fungi
  17 plants
  22 withered plants (Gauntlet)
56 creatures vanquished.

Grand Total: 1023 creatures vanquished

Notes
Turn   | Place    | Note
-------+----------+-------------------------------------------
     0 | D:1      | diana the Demonspawn Gladiator began the quest for the Orb.
     0 | D:1      | Reached XP level 1. HP: 16/16 MP: 1/1
   211 | D:1      | Gained mutation: You are partially covered in sharp spines.
                  | [demonic ancestry]
   211 | D:1      | Reached XP level 2. HP: 19/22 MP: 2/2
   566 | D:1      | Reached skill level 3 in Maces & Flails
   749 | D:1      | Reached skill level 1 in Armour
   792 | D:2      | Gained mutation: You are immune to rotting. [demonic
                  | ancestry]
   792 | D:2      | Reached XP level 3. HP: 28/28 MP: 3/3
   842 | D:2      | Noticed an ogre
  1159 | D:1      | Gained mutation: You are partially covered in molten
                  | scales. (AC +2) [demonic ancestry]
  1159 | D:1      | Reached XP level 4. HP: 33/34 MP: 4/4
  1946 | D:3      | Found a faded altar of an unknown god.
  1980 | D:3      | Reached XP level 5. HP: 41/41 MP: 5/5
  2905 | D:4      | Noticed an ogre
  3122 | D:4      | Killed an ogre
  3122 | D:4      | Reached XP level 6. HP: 23/47 MP: 6/6
  3514 | D:4      | Noticed a slave
  3514 | D:4      | Noticed a slave
  3515 | D:4      | Noticed Pikel
  3515 | D:4      | Noticed a slave
  3572 | D:4      | Killed a slave
  3581 | D:3      | Reached skill level 4 in Maces & Flails
  4226 | D:4      | Gained mutation: You may emit foul miasma when damaged in
                  | melee. [demonic ancestry]
  4226 | D:4      | Reached XP level 7. HP: 14/54 MP: 7/7
  4562 | D:4      | Gained mutation: Your spells are a little harder to cast,
                  | but a little more powerful. [potion of mutation]
  4562 | D:4      | Gained mutation: You passively map a small area around you.
                  | [potion of mutation]
  4562 | D:4      | Gained mutation: You are weak. (Str -2) [potion of
                  | mutation]
  4562 | D:4      | Gained mutation: Your flesh is heat resistant. (rF+)
                  | [potion of mutation]
  4568 | D:4      | Killed Pikel
  4568 | D:4      | Reached skill level 5 in Fighting
  4568 | D:4      | Reached skill level 5 in Maces & Flails
  4568 | D:4      | Reached skill level 5 in Dodging
  4568 | D:4      | Gained mutation: You are mostly covered in molten scales.
                  | (AC +3) [demonic ancestry]
  4568 | D:4      | Reached XP level 8. HP: 38/62 MP: 8/8
  4693 | D:5      | Entered Level 5 of the Dungeon
  4770 | D:5      | Found a glowing drain.
  4788 | Sewer    | Entered a sewer
  5279 | D:5      | Found an opulent altar of Gozag.
  5744 | D:6      | Found a staircase to the Ecumenical Temple.
  5754 | D:6      | Reached skill level 5 in Armour
  5758 | Temple   | Entered the Ecumenical Temple
  5903 | Temple   | Became a worshipper of Warmaster Okawaru
  6078 | D:7      | Reached skill level 6 in Maces & Flails
  6091 | D:7      | Gained mutation: You have a pair of small horns on your
                  | head. [demonic ancestry]
  6091 | D:7      | Reached XP level 9. HP: 48/69 MP: 9/9
  6267 | D:7      | Lost mutation: Your flesh is heat resistant. (rF+) [potion
                  | of mutation]
  6267 | D:7      | Lost mutation: Your spells are a little harder to cast, but
                  | a little more powerful. [potion of mutation]
  6267 | D:7      | Gained mutation: You do not regenerate when monsters are
                  | visible. [potion of mutation]
  6267 | D:7      | Gained mutation: You are resistant to electric shocks.
                  | (rElec) [potion of mutation]
  6267 | D:7      | Gained mutation: You are agile. (Dex +2) [potion of
                  | mutation]
  6318 | D:7      | Reached * piety under Okawaru
  6803 | D:7      | Got a polished leather armour
  6814 | D:7      | Identified the +2 leather armour of the Cricket {Str+2
                  | Int+2 Stlth+} (You found it on level 7 of the Dungeon)
  7406 | D:6      | Found a shadowy altar of Dithmenos.
  7643 | D:8      | Reached ** piety under Okawaru
  7720 | D:7      | Reached skill level 7 in Maces & Flails
  8221 | D:8      | Found Zin's Purification Station.
  8221 | D:8      | Found a glowing silver altar of Zin.
  8255 | D:8      | Noticed Maggie
  8453 | D:8      | Gained mutation: You have a pair of horns on your head.
                  | [demonic ancestry]
  8453 | D:8      | Reached XP level 10. HP: 74/79 MP: 8/10
  8531 | D:8      | Killed Maggie
  8610 | D:7      | Noticed a rust devil
  8610 | D:7      | Noticed a rust devil
  8629 | D:8      | Killed a rust devil
  8837 | D:8      | Killed a rust devil
  8856 | D:7      | Got a buzzing morningstar
  8857 | D:7      | Identified the +9 morningstar "Mioghay" {antimagic, +Rage
                  | rElec rPois Int-3} (You found it on level 7 of the Dungeon)
  9255 | D:9      | Reached *** piety under Okawaru
  9405 | D:9      | Found an ancient bone altar of Kikubaaqudgha.
  9430 | D:9      | Found a transporter.
  9579 | D:9      | Found a basalt altar of Yredelemnul.
  9807 | D:9      | Found a transporter.
  9925 | D:9      | Reached skill level 8 in Maces & Flails
 10012 | D:9      | Found a glowing golden altar of the Shining One.
 10018 | D:9      | Noticed a profane servitor
 10119 | D:9      | Noticed a great orb of eyes
 10164 | D:9      | Noticed an angel
 10232 | D:10     | Entered Level 10 of the Dungeon
 10315 | D:10     | Noticed a two-headed ogre
 10326 | D:10     | Killed a two-headed ogre
 10381 | D:10     | Reached **** piety under Okawaru
 10592 | D:10     | Found a staircase to the Lair.
 10603 | D:10     | Reached XP level 11. HP: 87/87 MP: 3/11
 10936 | D:10     | Found a snail-covered altar of Cheibriados.
 11103 | D:10     | Found a staircase to the Orcish Mines.
 12032 | D:11     | Reached ***** piety under Okawaru
 12246 | D:11     | Reached skill level 9 in Maces & Flails
 12312 | D:11     | Received a gift from Okawaru
 12432 | D:11     | Identified Sif Muna's Compendium of Unholy Secrets and
                  | Enhancements
 12749 | Lair:1   | Entered Level 1 of the Lair of Beasts
 12892 | Lair:1   | Received a gift from Okawaru
 12921 | Lair:1   | Noticed Urug
 12989 | Lair:1   | Killed Urug
 13018 | Lair:1   | Found a frozen archway.
 13025 | Lair:1   | Reached skill level 10 in Fighting
 13059 | IceCv    | Entered an ice cave
 13059 | IceCv    | Noticed a white ugly thing
 13067 | IceCv    | Killed a white ugly thing
 13075 | IceCv    | Reached XP level 12. HP: 64/97 MP: 0/12
 13079 | IceCv    | Found a transporter.
 13281 | IceCv    | Found a transporter.
 13301 | IceCv    | Received a gift from Okawaru
 14524 | Lair:2   | Reached skill level 10 in Maces & Flails
 14524 | Lair:2   | Reached skill level 10 in Dodging
 14604 | Lair:2   | Noticed a seven-headed hydra
 14615 | Lair:2   | Killed a seven-headed hydra
 14615 | Lair:2   | Reached skill level 1 in Invocations
 14630 | Lair:2   | Found a gate leading to a gauntlet.
 14639 | Gauntlet | Entered a Gauntlet
 14639 | Gauntlet | Found a transporter.
 14639 | Gauntlet | Found a transporter.
 14639 | Gauntlet | Noticed a tengu warrior
 14773 | Gauntlet | Found a transporter.
 14774 | Gauntlet | Noticed a queen ant
 14776 | Gauntlet | Found a transporter.
 14776 | Gauntlet | Found a transporter.
 14790 | Gauntlet | Found a transporter.
 14792 | Gauntlet | Found a transporter.
 14799 | Gauntlet | Noticed a reaper
 14800 | Gauntlet | Found a transporter.
 14888 | Gauntlet | Found a transporter.
 14901 | Gauntlet | Noticed a death scarab
 14906 | Gauntlet | Found a transporter.
 14906 | Gauntlet | Found a transporter.
 14916 | Gauntlet | Found a transporter.
 15000 | Gauntlet | Killed a queen ant
 15319 | Gauntlet | Killed a reaper
 15319 | Gauntlet | Reached skill level 10 in Armour
 15331 | Gauntlet | Got a pair of distressingly furry gloves
 15342 | Gauntlet | Identified the +1 pair of gloves of Incorporation {rF++
                  | rCorr Str-2 Dex+2} (You found it in a Gauntlet)
 15438 | Gauntlet | Identified the cursed +3 glaive of Proximity {venom, Int+2}
 15438 | Gauntlet | Noticed a minotaur
 15451 | Gauntlet | Killed a minotaur
 15451 | Gauntlet | Received a gift from Okawaru
 15451 | Gauntlet | Reached skill level 5 in Invocations
 15471 | Gauntlet | Identified Ampu's Collected Works on Enhancements
 15473 | Gauntlet | Got a blackened cloak
 15473 | Gauntlet | Got a spiked scale mail
 15682 | Lair:2   | Identified the +1 cloak of the Cuttlefish {rN+} (You found
                  | it in a Gauntlet)
 15711 | Lair:2   | Identified the +4 scale mail of the Great Game {Int+4} (You
                  | found it in a Gauntlet)
 15992 | Lair:2   | Reached skill level 1 in Shields
 16189 | Lair:2   | Found the +7 Singing Sword {vorpal, sonic wave}
 16616 | Lair:3   | Found a staircase to the Snake Pit.
 16975 | Lair:3   | Reached skill level 11 in Maces & Flails
 17031 | Lair:3   | Noticed a five-headed hydra
 17038 | Lair:3   | Killed a five-headed hydra
 17210 | Lair:3   | Learned a level 1 spell: Summon Butterflies
 17230 | Lair:3   | Reached XP level 13. HP: 103/103 MP: 6/18
 17517 | Lair:3   | Received a gift from Okawaru
 17824 | Lair:3   | Found a staircase to the Shoals.
 18237 | Lair:4   | Received a gift from Okawaru
 18613 | Lair:4   | Reached ****** piety under Okawaru
 18624 | Lair:4   | Reached skill level 5 in Shields
 18945 | Lair:4   | Received a gift from Okawaru
 18971 | Lair:4   | Reached skill level 12 in Maces & Flails
 19971 | Lair:5   | Found a viscous altar of Jiyva.
 19972 | Lair:5   | Found a staircase to the Slime Pits.
 19993 | Lair:5   | Received a gift from Okawaru
 21126 | Lair:5   | Noticed Rupert
 21139 | Lair:5   | Killed Rupert
 21139 | Lair:5   | Reached skill level 13 in Maces & Flails
 21139 | Lair:5   | Reached XP level 14. HP: 110/110 MP: 4/19
 21482 | Orc:1    | Entered Level 1 of the Orcish Mines
 21519 | Orc:2    | Entered Level 2 of the Orcish Mines
 21568 | Orc:2    | Found a burning altar of Makhleb.
 21694 | Orc:2    | Found a roughly hewn altar of Beogh.
 21752 | Orc:2    | Found a staircase to the Elven Halls.
 21757 | Orc:2    | Received a gift from Okawaru
 21760 | Orc:2    | Paralysed by an orc sorcerer for 7 turns
 22685 | Orc:2    | Found Ynuem's Jewellery Emporium.
 22685 | Orc:2    | Found Menaudda's Magic Scroll Boutique.
 22726 | Orc:2    | Bought 2 scrolls of enchant weapon for 210 gold pieces
 22817 | Orc:2    | Found Riwef's General Store.
 22825 | Orc:2    | Bought a potion of mutation for 88 gold pieces
 22825 | Orc:2    | Lost mutation: You are weak. (Str -2) [potion of mutation]
 22825 | Orc:2    | Lost mutation: You are agile. (Dex +2) [potion of mutation]
 22825 | Orc:2    | Gained mutation: You are weak. (Str -2) [potion of
                  | mutation]
 22825 | Orc:2    | Gained mutation: You are frail. (-10% HP) [potion of
                  | mutation]
 22825 | Orc:2    | Gained mutation: You have a pair of large horns on your
                  | head. [potion of mutation]
 22952 | Orc:2    | Found a roughly hewn altar of Beogh.
 23012 | Orc:2    | Received a gift from Okawaru
 23079 | Orc:2    | Found Asoasoonib's Distillery.
 23079 | Orc:2    | Found Piog's Distillery.
 23674 | Orc:1    | Noticed Josephine
 23685 | Orc:1    | Killed Josephine
 23793 | Orc:1    | Found Ujujef's Gadget Boutique.
 24336 | D:12     | Found Orapit's Weapon Shop.
 24586 | D:12     | Reached skill level 14 in Maces & Flails
 24828 | D:12     | Reached skill level 10 in Shields
 25228 | D:13     | Received a gift from Okawaru
 25232 | D:13     | Got a spiked chain mail {god gift}
 25243 | D:13     | Identified the +2 chain mail of Kaficer {*Corrode rC+
                  | Regen+ Str+2} (Okawaru gifted it to you on level 13 of the
                  | Dungeon)
 26233 | D:14     | Reached skill level 15 in Maces & Flails
 26375 | D:14     | Mutation became permanent: You have a pair of horns on your
                  | head. [demonic ancestry]
 26375 | D:14     | Gained mutation: You have a pair of large horns on your
                  | head. [demonic ancestry]
 26375 | D:14     | Reached XP level 15. HP: 103/103 MP: 6/20
 26997 | D:14     | Found a gate to the Vaults.
 27295 | D:14     | Found a sacrificial altar of Ru.
 27406 | D:15     | Entered Level 15 of the Dungeon
 27736 | D:15     | Received a gift from Okawaru
 27793 | D:15     | Found a staircase to the Depths.
 27796 | D:15     | Reached skill level 16 in Maces & Flails
 28258 | D:15     | Noticed Kirke
 28792 | D:15     | Reached skill level 17 in Maces & Flails
 29197 | Lair:6   | Entered Level 6 of the Lair of Beasts
 29648 | Lair:6   | Received a gift from Okawaru
 29648 | Lair:6   | Reached skill level 5 in Throwing
 29921 | Lair:6   | Gained mutation: You are mostly covered in sharp spines.
                  | [demonic ancestry]
 29921 | Lair:6   | Reached XP level 16. HP: 109/109 MP: 7/21
 29963 | Lair:6   | HP: 3/109 [drowned by a drowned soul[a merfolk avatar]
                  | (10)]
 29972 | Lair:6   | Drowned by a drowned soul

Illustrated notes

Levels and vault maps discovered:
D:1:      lightli_arrival_statue_moat, layout_rooms
D:2:      layout_loops_ring
D:3:      layout_basic, chequers_ecumenical_altar_simple_redux, first_ration,
          roderic_lattice_a
D:4:      layout_basic, uniq_pikel
D:5:      layout_rooms, kennysheep_mini_moat, portal_sewer_entry_f
D:6:      layout_rooms, nicolae_dithmenos_through_a_glass_darkly,
          minmay_temple_entry_offerings, nrook_loot_triangle
D:7:      cheibrodos_iron_armory, layout_loops_ring
D:8:      layout_cave_pools, zin_purify, uniq_maggie
D:9:      gammafunk_jiyva_shrine, layout_long_grid,
          grunt_temple_overflow_holy_war, lemuel_zombie_altar_kikubaaqudgha
D:10:     layout_basic, david_lair_shrubbed,
          kennysheep_orc_monster_closet_entryway, basic_altar
D:11:     layout_loops_corners, blue_anna_alchemist [blue_anna_fruit_fields,
          blue_anna_fruit_fields]
D:12:     layout_irregular_city, serial_shops, kennysheep_mini
D:13:     layout_basic
D:14:     layout_basic, ximxim_vaults_locker_room,
          nicolae_ru_sacrificial_ziggurat
D:15:     grunt_enter_depths_magical_seal, layout_loops_ring,
          nrook_pool_corridor, minmay_shattered_shrine, uniq_kirke
Temple:   nicolae_temple_elliptical
Lair:1:   layout_cellular_growth, portal_ice_cave_entry_ice_beasts,
          grunt_megastairs_3, serial_bayou_shore_a, uniq_urug
Lair:2:   layout_gridlike, gauntlet_entry_generic, patterned_corridor
Lair:3:   lemuel_reptile_caves, layout_long_grid, minmay_shoals_entry_hut,
          dummy_snake_entry
Lair:4:   layout_gridlike, serial_rivers, chequers_serial_rivers_small_b,
          chequers_serial_rivers_micro_b, chequers_serial_rivers_small_3,
          chequers_serial_rivers_small_3, chequers_serial_rivers_room_a,
          minmay_lair_oklob_chamber, serial_bayou_shore_b
Lair:5:   regret_index_combs_of_tragedy, layout_cave_pods, slime_altar_1,
          kennysheep_rathole, lemuel_fruit_fields, uniq_rupert
Lair:6:   gammafunk_lair_ancient_temple, layout_layer_cave,
          chequers_serial_rivers_small_3
Orc:1:    layout_diamond_mine, serial_shops, nicolae_shop_stone, uniq_josephine
Orc:2:    st_orc_town, layout_diamond_mine, basic_altar, serial_shops,
          nicolae_shop_statue_plus, bloody_makhleb

Skill      XL: |  1  2  3  4  5  6  7  8  9 10 11 12 13 14 15 |
---------------+----------------------------------------------+-----
Maces & Flails | 3 4 5 6 7 8 9 11 13 15 17 | 17.1
Dodging        | 3 4 5 7 8 9 10 | 10.0
Armour         | 1 2 3 4 5 6 7 9 10 | 10.0
Fighting       | 3 4 5 6 7 8 10 | 10.0
Invocations    | 7 |  7.0
Shields        | 3 8 10 | 10.0
Throwing       | 5 |  5.5

Action                   |  1- 3 |  4- 6 |  7- 9 | 10-12 | 13-15 | 16-18 || total
-------------------------+-------+-------+-------+-------+-------+-------++-------
Melee: Flail             |    69 |   137 |   272 |       |       |       ||   478
       Morningstar       |       |       |    95 |   509 |  1487 |    30 ||  2121
       Headbutt          |       |       |    29 |   133 |   367 |     4 ||   533
       Punch             |       |       |     1 |     3 |       |       ||     4
       Dire flail        |       |       |       |    16 |       |       ||    16
       Unarmed           |       |       |       |       |     2 |       ||     2
Throw: Boomerang         |       |       |       |       |       |     7 ||     7
Invok: Heroism           |       |       |     1 |    12 |     8 |     1 ||    22
       Finesse           |       |       |       |       |     1 |       ||     1
 Abil: Evoke Berserk Rag |       |       |       |     6 |     2 |       ||     8
Evoke: Wand              |       |       |     1 |    22 |     6 |     1 ||    30
  Use: Potion            |       |       |     7 |     1 |     1 |     5 ||    14
       Scroll            |       |       |     1 |    18 |     8 |       ||    27
 Stab: Sleeping          |       |     2 |     4 |    13 |       |       ||    19
       Distracted        |       |       |       |     2 |     1 |       ||     3
  Eat: Chunk             |     1 |     9 |    11 |    20 |    37 |       ||    78
       Ration            |       |       |     1 |     4 |     2 |       ||     7
Armor: Leather armour    |    18 |    35 |   109 |   141 |       |       ||   303
       Scale mail        |       |       |     6 |       |       |       ||     6
       Skin              |       |       |    19 |       |       |       ||    19
       Pearl dragon scal |       |       |       |    40 |   427 |    20 ||   487
Dodge: Dodged            |    59 |    86 |   281 |   392 |   534 |     9 ||  1361
Block: Kite shield       |       |       |       |    55 |   909 |    37 ||  1001
       Reflection        |       |       |       |       |    72 |       ||    72
